 Dungeon Crawl Stone Soup version 0.20.1-1-g8b1a95d (webtiles) character file.

53 Nattfarinn the Skirmisher (level 3, -1/26 HPs)
             Began as a Gargoyle Berserker on Aug 5, 2017.
             Was a Believer of Trog.
             Slain by a goblin (4 damage)
             ... led by Robin
             ... on level 2 of the Dungeon.
             The game lasted 00:03:14 (922 turns).

Nattfarinn the Skirmisher (Gargoyle Berserker)       Turns: 922, Time: 00:03:16

Health: -1/26      AC:  7    Str: 18    XL:     3   Next: 89%
Magic:  3/3        EV: 11    Int:  7    God:    Trog [**....]
Gold:   40         SH:  3    Dex: 10    Spells: 2/2 levels left

rFire    . . .     SeeInvis .   a - +0 mace
rCold    + . .     Gourm    .   r - +0 buckler
rNeg     + . .     Faith    .   b - +0 animal skin
rPois    ∞         Spirit   .   (no helmet)
rElec    +         Reflect  .   (no cloak)
rCorr    .         Harm     .   f - +1 pair of gloves {archery}
MR       .....                  (no boots)
Stlth    +.........             (no amulet)
Regen    0.0/turn               (no ring)
MPRegen  0.1/turn               (no ring)

@: berserk cooldown, hasted and slowed
A: big wings, cold resistance 1, negative energy resistance 1, electricity
resistance, inhibited regeneration, weak 1, unbreathing, petrification
resistance, rot immunity, AC +3
a: Fly, Berserk, Trog's Hand, Burn Spellbooks, Renounce Religion


You were on level 2 of the Dungeon.
You worshipped Trog.
Trog was pleased with you.
You were hungry.

You visited 1 branch of the dungeon, and saw 2 of its levels.

You collected 40 gold pieces.

Inventory:

Hand Weapons
 a - a +0 mace (weapon)
Missiles
 n - 13 arrows
Armour
 b - a +0 animal skin (worn)
 f - a +1 pair of gloves of archery (worn)
 r - a +0 buckler (worn)
Wands
 s - a wand of flame (23/48)
Scrolls
 e - a scroll of teleportation {unknown}
 h - a scroll of remove curse {unknown}
 i - a scroll of enchant armour {unknown}
 j - a scroll of fog {unknown}
 k - a scroll of magic mapping {unknown}
 l - 2 scrolls of identify {unknown}
 o - a scroll of fear {unknown}
Comestibles
 c - 2 bread rations
 g - 2 royal jellies


   Skills:
 * Level 5.1 Fighting
 - Level 3.0 Maces & Flails
 - Level 2.1 Armour
 - Level 1.5 Dodging


You had 2 spell levels left.
You didn't know any spells.

Dungeon Overview and Level Annotations

Branches:
Dungeon (2/15)

Altars:

Annotations:
D:2 Robin


Innate Abilities, Weirdness & Mutations

You are resistant to torment.
Your stone body is resilient. (AC +3)
You are immune to poison.
You resist negative energy. (rN+)
You are resistant to electric shocks. (rElec)
You can survive without breathing.
You are immune to petrification.
You are immune to rotting.
Your large and strong wings let you fly indefinitely.
Your flesh is cold resistant. (rC+)
You do not regenerate when monsters are visible.
You are weak. (Str -2)


Message History

You block the goblin's attack. The goblin misses you.
You hit the goblin.
You kill the goblin!
Trog accepts your kill. The goblin barely misses you.
You hit Robin.
Robin is moderately wounded.
Robin hits you but does no damage. The goblin misses you.
The goblin completely misses you. Robin hits you with a mace.
* * * LOW HITPOINT WARNING * * *
You hit Robin but do no damage.
Robin is moderately wounded.
The goblin barely misses you.
Robin says, "Bow before me, strongest of all the hobgoblins!"
Robin hits you with a mace.
* * * LOW HITPOINT WARNING * * *
Your shield prevents you from hitting Robin.
Robin is moderately wounded.
The goblin hits you.
You die...

........# ...## #.....#
........###....# #......
..............# ##......
...%>..†#...### #.......
..........### ##......
...#......# ##.#......
..........# #.##......
...#####g#######.#.......
... #@##..............
...#####g##<####.........
...........# #.........
#.........# #.........
#.........# #.........
#.........# ##........
#.........# ##......#
########### ########


You could see Robin and a goblin.

Vanquished Creatures
  An ooze (D:2)
  An adder zombie (D:1)
  A leopard gecko (D:1)
  2 bats
  A bat zombie (D:1)
  11 goblins
  9 hobgoblins
  6 jackals (D:1)
  A kobold (D:1)
  A frilled lizard (D:1)
  4 rats (D:1)
38 creatures vanquished.

Notes
Turn   | Place    | Note
-------+----------+-------------------------------------------
     0 | D:1      | Nattfarinn the Gargoyle Berserker began the quest for the Orb.
     0 | D:1      | Reached XP level 1. HP: 14/14 MP: 1/1
    68 | D:1      | Reached XP level 2. HP: 20/20 MP: 2/2
    88 | D:1      | Reached skill level 4 in Fighting
   312 | D:1      | Reached XP level 3. HP: 23/24 MP: 3/3
   876 | D:2      | Noticed Robin
   895 | D:2      | Reached ** piety under Trog
   907 | D:2      | Reached skill level 5 in Fighting
   908 | D:2      | Gained mutation: You do not regenerate when monsters are visible. [potion of mutation]
   908 | D:2      | Gained mutation: You are weak. (Str -2) [potion of mutation]
   908 | D:2      | Gained mutation: Your large and strong wings let you fly indefinitely. [potion of mutation]
   908 | D:2      | Gained mutation: Your flesh is cold resistant. (rC+) [potion of mutation]
   922 | D:2      | Slain by a goblin

Skill      XL: |  1  2  3 |
---------------+----------+-----
Fighting       | 4 5 |  5.1
Maces & Flails | |  3.0
Armour         | |  2.1
Dodging        | |  1.5

Action                   || total
-------------------------++-------
Melee: Mace              ||   113
Invok: Berserk           ||     1
  Use: Potion            ||     4
 Stab: Sleeping          ||     1
Armor: Animal skin       ||    56
Dodge: Dodged            ||    95
Block: Buckler           ||     9
